[Event "*** Titled Tuesday Blitz"]
[Site "Chess.com"]
[Date "2019.09.03"]
[Round "10"]
[White "JAN2404"]
[Black "Iyael"]
[Result "0-1"]
[WhiteElo "1686"]
[BlackElo "2037"]
[TimeControl "180+2"]
[EndTime "17:19:13 PDT"]
[Termination "Iyael won on time"]

1. c4 Nf6 2. Nc3 g6 3. Nf3 Bg7 4. g3 d6 5. Bg2 O-O 6. O-O Nbd7 7. d4 e5 8. b3 a5 9. Bb2 c6 10. dxe5 dxe5 11. Ng5 Re8 12. Nge4 Nxe4 13. Nxe4 Qe7 14. Qc1 Nf8 15. Ba3 Qe6 16. Rd1 h6 17. Qc2 f5 18.
Nc5 Qf7 19. Rd6 Ne6 20. Nxe6 Bxe6 21. Rad1 e4 22. e3 a4 23. Bb2 axb3 24. axb3 Ra2 25. Rb1 Qc7 26. Rdd1 Rd8 27. Rxd8+ Qxd8 28. Qc1 Qd3 29. Bxg7 Kxg7 30. Bf1 Qc2 31. Qxc2 Rxc2 32. h4 Kf6 33. Bg2 Ke5 34. Kf1 Kd6 35. f3 exf3 36. Bxf3 Kc5 37. Bd1 Rd2 38. b4+ Kd6 39. c5+ Ke5 40.
Bb3 Bxb3 41. Rxb3 Ke4 42. Rc3 Rd3 43. Rxd3 Kxd3 44. Kf2 Kc4 45. g4 fxg4 46. Kg3 h5 47. Kf4 Kxb4 48. e4 Kxc5 49. e5 Kd5 0-1

[Event "*** Titled Tuesday Blitz"]
[Site "Chess.com"]
[Date "2019.09.03"]
[Round "10"]
[White "hansen"]
[Black "jlucasvf"]
[Result "1-0"]
[WhiteElo "2884"]
[BlackElo "2709"]
[TimeControl "180+2"]
[EndTime "17:19:14 PDT"]
[Termination "hansen won by checkmate"]

1. e4 e5 2. Nf3 Nf6 3. Nxe5 Nc6 4. d4 Nxe4 5. Bd3 d5 6. O-O Nxe5 7. dxe5 Bc5 8.
Bxe4 dxe4 9. Qxd8+ Kxd8 10. Nc3 Bf5 11. Be3 Bxe3 12. fxe3 Bg6 13. Rad1+ Kc8 14. e6 fxe6 15. Rd4 a5 16. Nxe4 e5 17. Rc4 Ra6 18. Ng5 Rd8 19.
Nf3 Re6 20. h3 b6 21. a3 Kb7 22. b4 axb4 23. axb4 Rd5 24. e4 Rd8 25. Ra1 Rde8 26.
b5 Rd6 27. Kf2 Re7 28. Ke3 Be8 29. Rb4 c5 30. Rba4 Rdd7 31. Ra8 Kc7 32. R1a6 Re6 33. Nd2 Rde7 34. R6a7+ Kd6 35. Nc4# 1-0

[Event "*** Titled Tuesday Blitz"]
[Site "Chess.com"]
[Date "2019.09.03"]
[Round "10"]
[White "VladDobrov"]
[Black "Niclox"]
[Result "1-0"]
[WhiteElo "2873"]
[BlackElo "2649"]
[TimeControl "180+2"]
[EndTime "17:19:18 PDT"]
[Termination "VladDobrov won by resignation"]

1. d4 Nf6 2. c4 e5 3. dxe5 Ng4 4. e3 Nxe5 5. Nh3 Nbc6 6. Nf4 g6 7. Nc3 Bg7 8. Be2 d6 9. O-O O-O 10. Qd2 a5 11. b3 a4 12. Rb1 axb3 13. axb3 Bf5 14.
e4 Be6 15. Nb5 Re8 16. Nd5 Bxd5 17. cxd5 Na7 18. Nc3 c5 19. Bb2 h5 20. h3 Kh7 21. f4 Nd7 22. e5 dxe5 23. f5 e4 24. fxg6+ fxg6 25. Rf7 Kg8 26. Rxg7+ Kxg7 27. Nxe4+ Ne5 28.
Qf4 Qe7 29. Rf1 Rad8 30. d6 Qe6 31. Bc4 Qf5 32. Qe3 Qd7 33. Rf7+ Qxf7 34. Bxf7 Kxf7 35. Qf4+ 1-0

[Event "*** Titled Tuesday Blitz"]
[Site "Chess.com"]
[Date "2019.09.03"]
[Round "10"]
[White "Vasily_Papin"]
[Black "Jospem"]
[Result "0-1"]
[WhiteElo "2710"]
[BlackElo "2923"]
[TimeControl "180+2"]
[EndTime "17:19:28 PDT"]
[Termination "Jospem won by resignation"]

1. c4 c5 2. g3 Nc6 3. Bg2 g6 4. Nc3 Bg7 5. b3 d6 6. Bb2 e5 7. e3 Nge7 8. Nge2 O-O 9. O-O Bf5 10. Nd5 Rb8 11. d4 exd4 12. exd4 Bg4 13. f3 Bf5 14. Qd2 Nxd5 15. cxd5 Nb4 16. dxc5 Bxb2 17. Qxb2 Nd3 18. Qd2 Nxc5 19. Nd4 Bd3 20. Rfd1 Qf6 21.
Qf2 a5 22. Rd2 Rfe8 23. Rad1 Ba6 24. a3 Rbc8 25. b4 axb4 26. axb4 Nd3 27. Rxd3 Bxd3 28.
Rxd3 Rc1+ 29. Bf1 Ree1 30. Nc2 Rxf1+ 31. Qxf1 Rxf1+ 32. Kxf1 Qb2 33. Rd2 Qc1+ 34. Ke2 Qg1 35. Kd3 Qf1+ 36. Ke3 h5 37. Nd4 Kg7 38. Ne2 Qa1 39.
Rd4 Qf1 40. h4 f6 41. Re4 Kf7 42. Re6 Qa1 43. Re4 f5 44. Rd4 Qf1 45. g4 hxg4 46. fxg4 Qh3+ 47. Kd2 fxg4 48. Rf4+ Kg7 49. Rc4 g3 50.
Rc3 Qxh4 51. Rxg3 Qxb4+ 52. Nc3 Qf4+ 53. Re3 g5 54. Ne4 Qe5 55. Nc3 Qd4+ 56. Ke2 b5 57. Rd3 Qc4 58. Kd2 b4 59. Nd1 Qf4+ 60. Ke2 Qe4+ 61.
Kd2 g4 62. Nf2 Qf4+ 63. Ke2 g3 64. Nd1 g2 0-1

[Event "*** Titled Tuesday Blitz"]
[Site "Chess.com"]
[Date "2019.09.03"]
[Round "10"]
[White "Valuebet2000"]
[Black "ckgchess"]
[Result "1-0"]
[WhiteElo "2528"]
[BlackElo "2733"]
[TimeControl "180+2"]
[EndTime "17:19:36 PDT"]
[Termination "Valuebet2000 won by resignation"]

1. e4 c5 2. Nf3 Nc6 3. Bb5 d6 4. O-O Bd7 5. Re1 a6 6. Bf1 Nf6 7. c3 Bg4 8. h3 Bxf3 9. Qxf3 g6 10. Qd1 e5 11. d3 Bg7 12. Nd2 O-O 13. Nf3 d5 14.
exd5 Nxd5 15. a4 Re8 16. Qc2 h6 17. Bd2 Qd7 18. Rad1 Rad8 19. Bc1 Kh7 20. g3 b5 21. Bg2 Nb6 22. axb5 axb5 23. h4 Qf5 24. Ng5+ hxg5 25. Bxc6 Re6 26. Be4 Qg4 27. hxg5 Red6 28. Be3 c4 29.
Bc5 cxd3 30. Rxd3 Rxd3 31. Bxd3 Nc4 32. b3 Nd2 33. Qxd2 e4 34. Qe2 Qxg5 35. Qxe4 Qxc5 36. Qh4+ Bh6 37. Qxd8 Bd2 38. Re8 Bxc3 39. Qd7 Kg7 40.
Re7 Bd4 41. Rxf7+ Kh6 42. Rh7+ Kg5 43. Qe7+ 1-0

[Event "*** Titled Tuesday Blitz"]
[Site "Chess.com"]
[Date "2019.09.03"]
[Round "10"]
[White "becemix"]
[Black "IMRosen"]
[Result "0-1"]
[WhiteElo "2409"]
[BlackElo "2580"]
[TimeControl "180+2"]
[EndTime "17:19:43 PDT"]
[Termination "IMRosen won on time"]

1. e4 e5 2. Nc3 Nf6 3. g3 d5 4.
exd5 Nxd5 5. Nge2 Bg4 6. Bg2 Nxc3 7. bxc3 Nc6 8. Rb1 Rb8 9. Rxb7 Bd7 10. Rxb8 Qxb8 11. O-O Bd6 12. d4 O-O 13. Be3 Re8 14.
Nc1 Qc8 15. d5 Ne7 16. c4 Nf5 17. Bxa7 Qa6 18. c5 Qxa7 19. cxd6 cxd6 20. Bh3 Ne3 21. fxe3 Qxe3+ 22. Kh1 Bxh3 23. Qf3 Qxf3+ 24. Rxf3 e4 25.
Re3 f5 26. Nb3 Ra8 27. Nc1 g5 28. Kg1 Kf7 29. Kf2 Kf6 30. c4 Ke5 31. Re2 f4 32. gxf4+ gxf4 33. Nb3 e3+ 34. Kf3 Rg8 35. Re1 Bg4+ 36.
Kg2 Bd1+ 37. Kh3 Bxb3 38. axb3 Ke4 39. c5 f3 0-1

[Event "*** Titled Tuesday Blitz"]
[Site "Chess.com"]
[Date "2019.09.03"]
[Round "10"]
[White "NormWeinstein"]
[Black "SelfishShellfish"]
[Result "0-1"]
[WhiteElo "2392"]
[BlackElo "2227"]
[TimeControl "180+2"]
[EndTime "17:19:48 PDT"]
[Termination "SelfishShellfish won on time"]

1. e4 c5 2. Nf3 d6 3. Nc3 a6 4. g3 Nc6 5. d4 cxd4 6. Nxd4 Bd7 7.
Bg2 Nf6 8. O-O e6 9. Re1 Be7 10. Nxc6 Bxc6 11. a4 O-O 12. a5 Rc8 13. Be3 Qc7 14.
Bb6 Qb8 15. Nd5 Bxd5 16. exd5 e5 17. Qe2 Nd7 18. Be3 f5 19. f4 Bf6 20. c4 e4 21.
Rab1 Nc5 22. Bxc5 dxc5 23. Kh1 b6 24. b4 Bc3 25. bxc5 Bxe1 26. Rxb6 Qc7 27. Qxe1 Qxc5 28.
Bf1 Rb8 29. Qb1 Rxb6 30. Qxb6 Qa3 31. Qe6+ Kh8 32. d6 Qf3+ 33. Kg1 e3 34. Bd3 Qf2+ 35.
Kh1 Qe1+ 36. Kg2 Qd2+ 37. Kh3 Qxd3 38. Qe7 Rg8 39. d7 e2 40. c5 Qe4 41. d8=Q e1=Q 42. Qef8 Qf1+ 43. Kh4 g5+ 0-1

[Event "*** Titled Tuesday Blitz"]
[Site "Chess.com"]
[Date "2019.09.03"]
[Round "10"]
[White "vova-79"]
[Black "NicoChasin"]
[Result "0-1"]
[WhiteElo "2404"]
[BlackElo "2484"]
[TimeControl "180+2"]
[EndTime "17:19:49 PDT"]
[Termination "NicoChasin won by resignation"]

1. d4 Nf6 2. c4 e6 3. Nc3 Bb4 4.
e3 O-O 5. Ne2 c6 6. a3 Ba5 7. Qc2 d5 8. Ng3 Nbd7 9. Be2 dxc4 10. Bxc4 e5 11. O-O exd4 12. exd4 Bc7 13. Ba2 h6 14. d5 cxd5 15. Nxd5 Nxd5 16. Bxd5 Nf6 17. Bf3 Be6 18. Rd1 Qc8 19. Be3 Ng4 20. Rdc1 Bxg3 21. Qxc8 Bxh2+ 22. Kh1 Rfxc8 23. Bxg4 Be5 24. Bxe6 fxe6 25.
Rab1 Rxc1+ 26. Bxc1 Rc8 27. Be3 b6 28. Rc1 Rxc1+ 29. Bxc1 Bd4 30. Kg1 e5 31. Kf1 Kf7 32. Ke2 Ke6 33. Kd3 Bxf2 34. Ke4 Bd4 35. b3 Bc5 36. a4 a6 37. Bd2 b5 38. axb5 axb5 39. Bc1 h5 40. Bg5 Bf2 41. Bd2 Bh4 42. Bc3 Bf6 43. Bd2 g6 44. Be1 g5 45. Bf2 g4 46. g3 Be7 47. Be1 Bc5 48. Bc3 Bd4 49. Be1 Kf6 50. Ba5 Bf2 51. Bd8+ Ke6 52. Bh4 Be1 53. Ke3 Kd5 54. Ke2 Bc3 0-1

[Event "*** Titled Tuesday Blitz"]
[Site "Chess.com"]
[Date "2019.09.03"]
[Round "10"]
[White "Denis_Palkovich"]
[Black "MikeSailer"]
[Result "1-0"]
[WhiteElo "2224"]
[BlackElo "2104"]
[TimeControl "180+2"]
[EndTime "17:20:00 PDT"]
[Termination "Denis_Palkovich won by checkmate"]

1. d4 d5 2. Bf4 Bf5 3. e3 e6 4. c4 Nf6 5. Qb3 Nc6 6. c5 Rb8 7. Bb5 a6 8. Bxc6+ bxc6 9. Qa4 Rxb2 10. Nc3 Qa8 11. Nf3 Bd3 12. Ne5 Ne4 13. Nxe4 Re2+ 14.
Kf1 Rxa2+ 15. Nxd3 Rxa4 16. Rxa4 dxe4 17. Ne5 f6 18.
Nc4 e5 19. dxe5 Bxc5 20. exf6 gxf6 21. Ke2 Ke7 22. Nd2 f5 23. Rc1 Bd6 24. Rac4 Bxf4 25. exf4 Rd8 26. Rxc6 Rd7 27. Rh6 Kd8 28. Nc4 Qb7 29.
Rc2 Qb1 30. Ne3 Qb5+ 31. Ke1 Qb4+ 32. Ke2 Qb5+ 33. Ke1 a5 34. Rf6 Qb4+ 35. Ke2 a4 36. Nxf5 Qb5+ 37. Ke1 Qd3 38. Rf8# 1-0

[Event "*** Titled Tuesday Blitz"]
[Site "Chess.com"]
[Date "2019.09.03"]
[Round "10"]
[White "Witik"]
[Black "Lunaticx"]
[Result "0-1"]
[WhiteElo "2572"]
[BlackElo "2834"]
[TimeControl "180+2"]
[EndTime "17:20:03 PDT"]
[Termination "Lunaticx won by resignation"]

1. d4 Nf6 2. Bf4 d5 3. e3 e6 4. Nd2 Bd6 5. Bg3 c5 6. Ngf3 Qc7 7. Bxd6 Qxd6 8. Ne5 Nc6 9. Bb5 O-O 10. Bxc6 bxc6 11.
Nb3 cxd4 12. exd4 Ne4 13. f3 f6 14. Nd3 Ng5 15. Qd2 Nf7 16. O-O e5 17. c3 Bf5 18.
Nbc5 Rfe8 19. Rfe1 Rab8 20. b4 Re7 21. Re3 Rbe8 22. Rae1 h5 23. a3 Qc7 24. Qf2 a5 25.
Qg3 axb4 26. axb4 Qb8 27. h4 Nd6 28. Kh2 Nc4 29. R3e2 Kh7 30. Nb2 Nb6 31. Nbd3 Bxd3 32.
Nxd3 Nc4 33. dxe5 fxe5 34. Nc5 Qd6 35. Qg5 Qg6 36. Qxg6+ Kxg6 37. Kg3 Nd6 38. Ra1 Nf5+ 39. Kh3 e4 40. Ra6 exf3 41. Rxc6+ Kh7 42. Rxe7 f2 43. Ne6 Nxe7 44. Ng5+ Kg8 0-1

[Event "*** Titled Tuesday Blitz"]
[Site "Chess.com"]
[Date "2019.09.03"]
[Round "10"]
[White "DishonorOnYourCow"]
[Black "PchelkinVK"]
[Result "1/2-1/2"]
[WhiteElo "2250"]
[BlackElo "2472"]
[TimeControl "180+2"]
[EndTime "17:20:05 PDT"]
[Termination "Game drawn by repetition"]

1. d4 e5 2. dxe5 d6 3. exd6 Bxd6 4. e4 Nc6 5. Nc3 Qe7 6. Bd3 Be6 7. Nf3 O-O-O 8.
O-O Bg4 9. Nd5 Qe8 10. h3 h5 11. Be3 Kb8 12. b4 Nf6 13. b5 Ne5 14. Be2 Nxf3+ 15.
Bxf3 Nxd5 16. exd5 Qe5 17. g3 Bxh3 18. Re1 Qf5 19.
Be4 Qd7 20. Qd4 b6 21. a4 h4 22. a5 hxg3 23. fxg3 Qg4 24. Bf2 Bxg3 25. Bg2 Bf4 26. Qe4 Bxg2 27. Qxg2 Qf5 28. Bg3 Bxg3 29. Qxg3 Qxd5 30.
Re7 Qc5+ 31. Qf2 Qxe7 32. axb6 axb6 33. Qg2 c6 34. Qg3+ Qc7 35. Ra8+ Kxa8 36. Qxc7 cxb5 37. Qxb6 Rde8 38. Qa6+ Kb8 39. Qxb5+ Kc8 40. Qc6+ Kd8 41. Qd6+ Kc8 42. Qc6+ Kd8 43. Qd6+ Kc8 44. Qc6+ 1/2-1/2

[Event "*** Titled Tuesday Blitz"]
[Site "Chess.com"]
[Date "2019.09.03"]
[Round "10"]
[White "StephenDedalus83"]
[Black "iturrizaga"]
[Result "0-1"]
[WhiteElo "2827"]
[BlackElo "2945"]
[TimeControl "180+2"]
[EndTime "17:20:07 PDT"]
[Termination "iturrizaga won by resignation"]

1. g3 g6 2. Bg2 Bg7 3. d3 c5 4. e4 Nc6 5. f4 d6 6. Nf3 e5 7. O-O Nge7 8. Nc3 O-O 9. Be3 exf4 10. gxf4 f5 11. Qd2 Nd4 12. Rae1 h6 13. Nd1 Kh7 14. c3 Ndc6 15. Nf2 Be6 16. a3 Qd7 17. Kh1 Rae8 18.
Rg1 b6 19. b4 Ng8 20. Nh4 Nce7 21. h3 Nf6 22. Kh2 Nh5 23. Qd1 Bxc3 24. Ref1 Ng7 25. bxc5 bxc5 26. Nh1 Bf6 27. Nf3 Nh5 28. e5 Bg7 29.
Nh4 dxe5 30. Nxg6 Nxg6 31. Qxh5 Bf7 32. Ng3 exf4 33. Nxf5 fxe3 34. Be4 Re5 35. Qg4 Rxe4 36. dxe4 Be5+ 37. Kh1 Qd3 38. Rd1 Qc2 39. Rg2 e2 40.
Rdg1 Qd3 41. Qh5 Bf4 42. Rxe2 Ne5 43. Rg7+ Kh8 44. Rxf7 Nxf7 45. Qg6 Qxh3+ 46. Kg1 Rg8 0-1

[Event "*** Titled Tuesday Blitz"]
[Site "Chess.com"]
[Date "2019.09.03"]
[Round "10"]
[White "SanchezKelvin"]
[Black "nocnypako"]
[Result "1-0"]
[WhiteElo "2443"]
[BlackElo "2574"]
[TimeControl "180+2"]
[EndTime "17:20:07 PDT"]
[Termination "SanchezKelvin won on time"]

1. d4 Nf6 2. c4 g6 3. Nc3 d5 4.
Nf3 Bg7 5. Bg5 Ne4 6. cxd5 Nxg5 7. Nxg5 O-O 8. Nf3 c6 9. dxc6 Nxc6 10. e3 e5 11.
dxe5 Qa5 12. Qa4 Qxa4 13. Nxa4 Nxe5 14. Nd4 Bd7 15. Nc3 Rac8 16. Be2 Nc4 17. O-O-O Rfe8 18.
Kb1 a6 19. Bf3 Na5 20. Nd5 Bxd4 21. Rxd4 Bf5+ 22. e4 Nc6 23. Rd2 Be6 24. Nf6+ Kg7 25. Nxe8+ Rxe8 26. e5 Nxe5 27. Bxb7 Nc4 28. Rd4 Rb8 29.
Bxa6 Na3+ 30. Kc1 Rc8+ 31. Kd1 Rc6 32. Bd3 Nc4 33. Bxc4 Bxc4 34. b3 Be6 35. Kd2 Ra6 36.
Ra4 Rd6+ 37. Kc3 Rc6+ 38. Kb2 Rd6 39. Rc1 Bf5 40. Rac4 Rd2+ 41. R1c2 Bxc2 42. Rxc2 Rd1 43.
a4 Rg1 44. g3 Kf6 45. b4 Re1 46. b5 Ke7 47. Ka3 Re2 48. Rxe2+ 1-0

[Event "*** Titled Tuesday Blitz"]
[Site "Chess.com"]
[Date "2019.09.03"]
[Round "10"]
[White "13MiRacLe"]
[Black "Kildepiotr"]
[Result "0-1"]
[WhiteElo "2675"]
[BlackElo "2548"]
[TimeControl "180+2"]
[EndTime "17:20:12 PDT"]
[Termination "Kildepiotr won by checkmate"]

1. e4 g6 2. d4 Bg7 3. Nc3 c6 4. Bc4 b5 5. Bb3 b4 6. Nce2 d5 7. exd5 cxd5 8. Nf3 Nf6 9. O-O O-O 10. Ne5 Bb7 11.
a3 a5 12. axb4 axb4 13. Bf4 Qb6 14. Rxa8 Bxa8 15. Nd3 Nc6 16. Nc5 e6 17. Qd3 Bb7 18. Nxb7 Qxb7 19. Ba4 Ra8 20. b3 Bf8 21. c3 bxc3 22.
Qxc3 Nb4 23. f3 Rc8 24. Qe3 Rc2 25. Rc1 Rxc1+ 26. Qxc1 Nd3 27. Qe3 Nxf4 28. Nxf4 Bh6 29. Qe5 Bg7 30. Qd6 Qc8 31. h4 Ne8 32. Qe7 Qc1+ 33.
Kf2 Bxd4+ 34. Kg3 Qe1+ 35. Kh3 Nf6 36. Be8 Nxe8 37. Qxe8+ Kg7 38. Qa4 Bf2 39. Qd7 Qh1+ 40. Kg4 Qxh4# 0-1

[Event "*** Titled Tuesday Blitz"]
[Site "Chess.com"]
[Date "2019.09.03"]
[Round "10"]
[White "Potosino1970"]
[Black "plumalka"]
[Result "1-0"]
[WhiteElo "2556"]
[BlackElo "2329"]
[TimeControl "180+2"]
[EndTime "17:20:16 PDT"]
[Termination "Potosino1970 won by resignation"]

1. e4 c5 2. Nc3 d6 3. f4 g6 4. Nf3 Bg7 5. Bb5+ Bd7 6. Bc4 Nc6 7. d3 a6 8. a4 Nf6 9. e5 dxe5 10. fxe5 Ng4 11.
e6 Bxe6 12. Bxe6 fxe6 13. O-O O-O 14. Kh1 Nd4 15. Ne4 Qc7 16. g3 Nf5 17. Qe2 Ne5 18. Bf4 Nd4 19. Nxd4 cxd4 20. Ng5 Qc6+ 21. Qg2 Rac8 22.
Bxe5 Bxe5 23. Rxf8+ Rxf8 24. Qxc6 bxc6 25. Re1 Bd6 26.
Kg2 e5 27. b3 h6 28. Ne4 Kf7 29. Rf1+ Ke8 30. Rxf8+ Kxf8 31. Kf3 Kf7 32. Kg4 Ke6 33. h4 Ba3 34. h5 g5 35. Kf3 Bc1 36. Nc5+ Kd6 37.
Nxa6 Bd2 38. b4 e6 39. Ke4 Be1 40. g4 Bd2 41. b5 cxb5 42. axb5 Ba5 43. Nb8 Be1 44.
b6 Bg3 45. b7 Kc7 46. Nd7 Kxb7 47. Nxe5 Kc7 48. Nf7 Kd7 49. Nxh6 Ke7 50. Kxd4 Kf6 51. Ke4 Kg7 52. Nf5+ exf5+ 53. Kxf5 Bf4 54. d4 Be3 55. d5 Kf7 56. c4 Ke7 57. h6 Kf7 58. d6 Bd4 59. h7 Bf6 60. c5 Bh8 61. c6 Ke8 62.
Ke6 Kd8 63. c7+ Kc8 64. Ke7 Kb7 65. d7 1-0

[Event "*** Titled Tuesday Blitz"]
[Site "Chess.com"]
[Date "2019.09.03"]
[Round "10"]
[White "INLOVEWITHF"]
[Black "HanSchut"]
[Result "1-0"]
[WhiteElo "2301"]
[BlackElo "2203"]
[TimeControl "180+2"]
[EndTime "17:20:17 PDT"]
[Termination "INLOVEWITHF won by resignation"]

1. e4 c5 2. Nf3 d6 3. d4 cxd4 4.
Nxd4 Nf6 5. Nc3 a6 6. h3 e6 7.
Be3 d5 8. e5 Nfd7 9. f4 Be7 10.
Qd2 Bh4+ 11. Bf2 Bxf2+ 12. Qxf2 Nc6 13. O-O-O Qb6 14. Qd2 Nc5 15. f5 Nxd4 16. Qxd4 Bd7 17. b4 Na4 18. Nxa4 Qxd4 19. Rxd4 Bxa4 20. fxe6 fxe6 21.
c4 Rc8 22. Kb2 O-O 23. Bd3 Rf2+ 24. Ka3 Bc6 25. Rc1 Rcf8 26. b5 axb5 27. cxb5 Be8 28.
Rc7 b6 29. Rg4 R2f7 30. Rc8 Bd7 31. Rc2 Ra8+ 32. Kb4 g6 33. h4 Raf8 34. h5 Rf4+ 35. Rxf4 Rxf4+ 36. Kb3 gxh5 37. Rc7 Be8 38. Rb7 Bg6 39.
Bxg6 hxg6 40. Rxb6 Rg4 41. Rb8+ Kg7 42. b6 Rg3+ 43. Kb4 Rxg2 44. a4 Rb2+ 45. Kc5 h4 46.
a5 h3 47. a6 h2 48. a7 h1=Q 49. a8=Q Qc1+ 50. Kd6 Kh6 51. Rh8+ Kg5 52. Qd8+ Kf4 53.
Qh4+ Ke3 54. Qg3+ Kd4 55. Rh4+ 1-0

[Event "*** Titled Tuesday Blitz"]
[Site "Chess.com"]
[Date "2019.09.03"]
[Round "10"]
[White "Korchmar_Vasiliy"]
[Black "TheFireChess"]
[Result "0-1"]
[WhiteElo "2660"]
[BlackElo "2519"]
[TimeControl "180+2"]
[EndTime "17:20:23 PDT"]
[Termination "TheFireChess won on time"]

1. d4 d6 2. e4 e5 3. Nf3 Nd7 4.
Nc3 Ngf6 5. Bc4 Be7 6. O-O O-O 7. Re1 c6 8. b3 b5 9. Bf1 a6 10. Bb2 Re8 11. dxe5 dxe5 12. a4 Bb7 13. Nh4 g6 14.
Qf3 Bf8 15. Qh3 Qc7 16. Rad1 Rad8 17. Nf3 Bg7 18. Bc1 Nf8 19. Bh6 Ne6 20. Bxg7 Kxg7 21. Qg3 Nf4 22. Nh4 Bc8 23. Nf5+ Kh8 24. Qg5 N4h5 25.
Ng3 Qe7 26. Rxd8 Qxd8 27. Rd1 Qe7 28. Nxh5 gxh5 29. axb5 axb5 30. Ne2 Rg8 31. Qe3 Ng4 32. Qg3 Nf6 33. Qe3 Ng4 34. Qc3 Qh4 35. Qg3 Qe7 36.
h3 Nh6 37. Qc3 Rg6 38. Nf4 Rg5 39. Nd3 Bd7 40. Qc5 Qxc5 41. Nxc5 Be8 42. Rd8 Rg8 43. Be2 f6 44. Ne6 h4 45. Nc5 Nf7 46. Ra8 Ng5 47.
Kf1 Bg6 48. f3 Rxa8 0-1

[Event "*** Titled Tuesday Blitz"]
[Site "Chess.com"]
[Date "2019.09.03"]
[Round "10"]
[White "Vuks91"]
[Black "jcibarra"]
[Result "0-1"]
[WhiteElo "2615"]
[BlackElo "2807"]
[TimeControl "180+2"]
[EndTime "17:20:26 PDT"]
[Termination "jcibarra won by resignation"]

1. d4 Nf6 2. Nf3 e6 3. Bf4 d5 4. e3 c5 5. c3 Nc6 6. Nbd2 cxd4 7. exd4 Nh5 8. Be3 Bd6 9. Ne5 g6 10. Nd3 Qc7 11. g3 b6 12. Rc1 O-O 13. b4 e5 14.
dxe5 Nxe5 15. Nxe5 Bxe5 16. Bg2 Ba6 17. Bxd5 Rad8 18.
c4 Rxd5 19. cxd5 Qd6 20. Qb3 Qd7 21. Rc6 Bb5 22. a4 Bxc6 23. dxc6 Qxc6 24. O-O Rc8 25. b5 Qb7 26. Nc4 Qd5 27. Na5 Qxb3 28. Nxb3 Rc4 29. a5 Rb4 30. axb6 axb6 31. Nd2 Rxb5 32. Nc4 Bc7 33.
Ra1 Rb4 34. Bh6 f6 35. Ne3 Rd4 36. Ra7 Bd8 37. g4 Nf4 38. Rg7+ Kh8 39. Rf7 Ne6 40. h4 Kg8 41. Rb7 Bc7 42. Ra7 Kf7 43. Kg2 Ke7 44. h5 Kd7 45. hxg6 hxg6 46. Ra8 b5 47. Rg8 g5 48. Rg6 Nf4+ 0-1

[Event "*** Titled Tuesday Blitz"]
[Site "Chess.com"]
[Date "2019.09.03"]
[Round "10"]
[White "matiss90"]
[Black "Gattass"]
[Result "1/2-1/2"]
[WhiteElo "2539"]
[BlackElo "2364"]
[TimeControl "180+2"]
[EndTime "17:20:46 PDT"]
[Termination "Game drawn by repetition"]

1. e4 c5 2. Nf3 d6 3. d4 cxd4 4. Nxd4 Nf6 5. Nc3 a6 6. Bc4 e6 7. Bb3 b5 8. O-O b4 9. Na4 Bb7 10. f3 Nc6 11. a3 bxa3 12. Rxa3 d5 13. Nxc6 Bxc6 14. exd5 Bxa3 15. dxc6 Bd6 16. Be3 Qc7 17. Kh1 Rd8 18. Bb6 Qxc6 19. Bxd8 Kxd8 20. Qd4 Ke7 21. Qa7+ Bc7 22. Qc5+ Qxc5 23. Nxc5 a5 24. Rd1 Be5 25. Nd3 Bd4 26. Ra1 Ra8 27. g3 h5 28. Kg2 Nd7 29. c3 Bb6 30. Bc2 Rc8 31.
f4 Nf6 32. Kf3 Ng4 33. h3 Ne3 34. Bb3 Nf5 35. Bd1 g6 36. Be2 Nd6 37. Ne5 Rc7 38. Rd1 Nf5 39. Bb5 Ne3 40. Rd3 Nd5 41. Bc6 Nf6 42. Be4 Bc5 43. Nc6+ Kf8 44. Nxa5 Bb6 45. Nb3 Rc4 46. Nd2 Ra4 47. Bc6 Ra2 48. Nc4 Bc7 49. g4 hxg4+ 50. hxg4 Ra1 51. g5 Nh5 52. b4 Nxf4 53. Rd7 Rf1+ 54. Ke4 Re1+ 55. Kf3 Rf1+ 56. Ke4 Re1+ 57. Kf3 Rf1+ 1/2-1/2

[Event "*** Titled Tuesday Blitz"]
[Site "Chess.com"]
[Date "2019.09.03"]
[Round "10"]
[White "r31415"]
[Black "yiy1156"]
[Result "1-0"]
[WhiteElo "2393"]
[BlackElo "2551"]
[TimeControl "180+2"]
[EndTime "17:20:48 PDT"]
[Termination "r31415 won by checkmate"]

1. e4 c5 2. Nf3 e6 3. d4 cxd4 4. Nxd4 Nc6 5. Nb5 d6 6. c4 Nf6 7. N5c3 a6 8. Be2 Be7 9. O-O O-O 10. Bf4 Qc7 11. Na3 Rd8 12. Rc1 Qa5 13. Qb3 Nd4 14. Qd1 Qb6 15. Be3 Nxe2+ 16. Qxe2 Qc7 17. Rfd1 b6 18. f3 Bb7 19. Qf2 Nd7 20. b4 Rac8 21.
Na4 d5 22. Nxb6 dxe4 23. Nxc8 Qxc8 24. c5 exf3 25. Nc4 fxg2 26. Na5 Bd5 27. c6 Ne5 28. Bb6 Rf8 29. c7 Bxb4 30. Bc5 Nf3+ 31. Kxg2 Qxc7 32.
Bxb4 Qxh2+ 33. Kf1 Qh3+ 34. Ke2 Re8 35. Rc3 Qg4 36. Bc5 Ng5+ 37. Ke1 Ne4 38. Qf3 Qh4+ 39. Bf2 Nxf2 40. Qxf2 Qh1+ 41. Kd2 Qh6+ 42. Kc2 Qg5 43. Kb2 Rb8+ 44. Nb3 a5 45. Rdc1 h6 46. Rc8+ Rxc8 47.
Rxc8+ Kh7 48. Qc2+ g6 49. Nxa5 Qe5+ 50. Qc3 Qe2+ 51. Ka3 Qa6 52. Qh8# 1-0

[Event "*** Titled Tuesday Blitz"]
[Site "Chess.com"]
[Date "2019.09.03"]
[Round "10"]
[White "tonyq11"]
[Black "StoreySniper"]
[Result "1-0"]
[WhiteElo "2191"]
[BlackElo "2332"]
[TimeControl "180+2"]
[EndTime "17:20:51 PDT"]
[Termination "tonyq11 won by resignation"]

1. e4 d5 2. exd5 Qxd5 3. Nc3 Qd6 4. d4 Nf6 5. Bc4 a6 6. Nge2 b5 7. Bd3 Bb7 8. Bf4 Qd7 9. f3 Nc6 10. Ne4 Nxe4 11. fxe4 Nxd4 12. Nxd4 O-O-O 13. Nf3 h6 14. Qd2 g5 15. Be3 Bg7 16. O-O-O Qe6 17. Kb1 Bxe4 18.
Qe2 Bxd3 19. Rxd3 Rxd3 20. Qxd3 Rd8 21. Qb3 Qxb3 22. axb3 e5 23. c3 f5 24. Kc2 f4 25.
Bc5 e4 26. Nd4 e3 27. Re1 Rd5 28. b4 Kd7 29. Re2 a5 30. Nxb5 axb4 31. cxb4 g4 32. Nc3 Rh5 33. g3 f3 34. Rxe3 Rxh2+ 35. Kd3 f2 36. Re7+ Kd8 37. Rf7 Bxc3 38. bxc3 Rg2 39. Bxf2 Ke8 40. Rf4 h5 41. Ke3 Rh2 42. Re4+ Kf7 43.
Rc4 h4 44. Rxc7+ Ke6 45. gxh4 Rh3+ 46. Kd4 Rf3 47. Be1 Rf1 48. Bg3 Rf3 49. Rc6+ Kd7 50.
Rd6+ Ke7 51. Be5 Kf7 52. Rd7+ Ke6 53. Rg7 g3 54. Rxg3 Rf5 55. Rg6+ Ke7 56. Ra6 Rg5 57.
Ra7+ Ke6 58. Ra6+ Kf5 59. Ra5 Kg4 60. Bf6 Rg6 61. Bg5 Rd6+ 62. Ke5 Rc6 63. Rc5 Ra6 64. b5 Ra5 65. Kd4 Ra4+ 66. c4 Kh5 67. b6 Ra6 68. b7 Rb6 69. Rb5 1-0

[Event "*** Titled Tuesday Blitz"]
[Site "Chess.com"]
[Date "2019.09.03"]
[Round "10"]
[White "Bladel"]
[Black "bubacik"]
[Result "0-1"]
[WhiteElo "2631"]
[BlackElo "2749"]
[TimeControl "180+2"]
[EndTime "17:20:53 PDT"]
[Termination "bubacik won by checkmate"]

1. e4 e5 2. Bc4 Nf6 3. d4 Nc6 4. d5 Ne7 5. Nc3 Ng6 6. Nge2 Bc5 7. O-O O-O 8. h3 a6 9. Kh1 b5 10. Bd3 c6 11. a3 Bb7 12. dxc6 Bxc6 13. f4 exf4 14.
Nxf4 Nxf4 15. Bxf4 d5 16. exd5 Nxd5 17. Nxd5 Qxd5 18.
Qg4 f5 19. Qg3 Rf6 20. Bg5 Bd6 21. Qf3 Qxf3 22. gxf3 Rg6 23. h4 Rf8 24. Rae1 Rf7 25. c4 h6 26. cxb5 axb5 27. Rc1 Be5 28. Be3 Bxb2 29.
Rb1 Bxa3 30. Bxb5 Bxb5 31. Rxb5 Be7 32. Bf2 Rc6 33. Rfb1 Rc4 34. h5 Bh4 35. R1b2 Bxf2 36. Rxf2 Rh4+ 37. Rh2 Rd4 38. Kg2 Kh7 39. Kg3 f4+ 40.
Kg4 Rd1 41. Rf5 Rg1+ 42. Kxf4 Re7 43. Rb2 Rh1 44. Kg3 Ree1 45. Ra5 Reg1+ 46. Kf4 Rh4+ 47.
Ke3 Re1+ 48. Kf2 Reh1 49. Rbb5 R4h3 50. Ke3 Rf1 51. Rf5 Rb1 52. Ke2 Rb2+ 53. Ke3 Rb3+ 54. Ke2 Rh2+ 55. Kd1 Rb1# 0-1

[Event "*** Titled Tuesday Blitz"]
[Site "Chess.com"]
[Date "2019.09.03"]
[Round "10"]
[White "amintabatabaei"]
[Black "promen1999"]
[Result "1-0"]
[WhiteElo "2915"]
[BlackElo "2765"]
[TimeControl "180+2"]
[EndTime "17:20:56 PDT"]
[Termination "amintabatabaei won on time"]

1. e4 c5 2. Nf3 Nc6 3. Bb5 g6 4. Bxc6 bxc6 5. O-O Bg7 6. Re1 Nh6 7. c3 O-O 8. h3 f5 9. e5 Nf7 10. d3 e6 11. Na3 g5 12. Nc4 g4 13. hxg4 fxg4 14. Nh2 h5 15. Bf4 Nh8 16. Qd2 Ng6 17. Bg5 Qc7 18.
Nf1 Ba6 19. Rad1 Bxc4 20. dxc4 Nxe5 21. Ng3 d5 22. Nxh5 Rf5 23. b3 Raf8 24. Nxg7 Qxg7 25. Bh6 Qg6 26. Rxe5 Rxe5 27. Bxf8 Kxf8 28. cxd5 cxd5 29. b4 cxb4 30. cxb4 Rh5 31. Qf4+ Qf7 32. Qxg4 Qh7 33.
Qf3+ Ke7 34. g3 Rf5 35. Qe3 Qh3 36. Qxa7+ Kf6 37. Qd4+ Kg6 38. Qd3 Kf6 39. b5 Rh5 40. Qf3+ Ke7 41. a4 Qh2+ 42. Kf1 Rf5 43. Qe3 Qh1+ 44.
Ke2 Qh5+ 45. Kd2 Rf3 46. Qa7+ Kf6 47. Qd4+ Kf7 48. b6 Rb3 49. a5 Ke7 50. Rc1 Qh6+ 51. Qf4 Qxf4+ 52. gxf4 Kd6 53. Ra1 1-0